 Dungeon Crawl Stone Soup version 0.31.0-12-g77e489cdc1 (webtiles) character file.

Game seed: 365379049982246055

89 PaiMei the Grave Robber (level 4, -1/32 HPs)
             Began as a Demonspawn Necromancer on Mar 4, 2024.
             Slain by a goblin
             ... wielding a +0 club
             ... led by Robin
              (6 damage)
             ... on level 3 of the Dungeon.
             The game lasted 00:02:33 (2091 turns).

PaiMei the Grave Robber (Demonspawn Necromancer)    Turns: 2091, Time: 00:02:34

Health: -1/32      AC:  3    Str:  8    XL:     4   Next: 31%
Magic:  1/8        EV: 12    Int: 17    God:
Gold:   149        SH:  0    Dex: 14    Spells: 4/8 levels left

rFire   . . .        f - +2 dagger (flame)
rCold   . . .        (no shield)
rNeg    . . .        a - +0 robe
rPois   .            (helmet restricted)
rElec   .            (no cloak)
rCorr   .            (no gloves)
SInv    .            l - +0 pair of boots
Will    .....        (no amulet)
Stlth   ++           (no ring)
HPRegen 0.25/turn    (no ring)
MPRegen 0.11/turn

%: no passive effects
@: no status effects
A: claws 1, horns 1, condensation shield
a: no special abilities


You were on level 3 of the Dungeon.
You visited 1 branch of the dungeon, and saw 3 of its levels.

You collected 149 gold pieces.

Inventory:

Hand Weapons
 c - a +0 mace
 f - a +2 dagger of flaming (weapon)
Armour
 a - a +0 robe (worn)
 l - a +0 pair of boots (worn)
Jewellery
 o - a ring of magical power
Scrolls
 g - a scroll of revelation {unknown}
 h - 3 scrolls of identify {unknown}
 k - a scroll of enchant weapon {unknown}
 m - a scroll of enchant armour {unknown}
 n - a scroll of silence {unknown}
 p - a scroll of fog {unknown}
 q - a scroll of teleportation {unknown}
 r - a scroll of poison {unknown}
Potions
 b - a potion of magic
 d - a potion of resistance {unknown}
 e - a potion of invisibility {unknown}
 i - 2 potions of curing {unknown}
 j - 3 potions of ambrosia {unknown}


   Skills:
 + Level 1.3 Fighting
 + Level 2.5 Dodging
 - Level 2.1 Stealth
 + Level 2.7 Spellcasting
 + Level 5.0 Necromancy


You had 4 spell levels left.
You knew the following spells:

 Your Spells              Type           Power      Damage    Failure   Level
a - Necrotise             Necr           76%        1d7       2%          1
b - Vampiric Draining     Necr           19%        2d7       7%          3

Your spell library contained the following spells:

 Spells                   Type           Power      Damage    Failure   Level
 Sublimation of Blood     Necr           19%        N/A       3%          2
 Magic Dart               Conj           8%         1d3       19%         1
 Animate Dead             Necr           19%        N/A       22%         4
 Blink                    Tloc           4%         N/A       26%         2
 Call Imp                 Summ           4%         N/A       26%         2
 Lesser Beckoning         Tloc           4%         N/A       26%         2
 Gell's Gravitas          Tloc           2%         N/A       47%         3
 Teleport Other           Tloc           2%         N/A       47%         3
 Curse of Agony           Necr           19%        N/A       54%         5
 Summon Hydra             Summ           1%         N/A       100%        7


Dungeon Overview and Level Annotations

Branches:
Dungeon (3/15)

Altars:
Ashenzari

Shops:
D:1 *

Annotations:
D:3 Robin


Innate Abilities, Weirdness & Mutations

You have sharp fingernails.
You have a pair of small horns on your head.
A meltable shield of frost defends you. (SH +0)


Message History

Aiming: Necrotise (safe; 2% risk of failure)
Press: ? - help, Shift-Dir - straight line, f/p - Robin
Aim: Robin, wielding a +0 spear, wearing a +0 animal skin, wearing a +0 helmet and carrying a wand of flame (heavily wounded, chance to affect: 84%)
The goblin writhes in agony.
You kill the goblin!
The dead are walking!
The goblin closely misses you.
Robin zaps a wand.
The puff of flame hits you!
Your condensation shield dissipates!
Casting: Necrotise (safe; 2% risk of failure)
Confirm with . or Enter, or press ? or * to list all spells.
Aiming: Necrotise (safe; 2% risk of failure)
Press: ? - help, Shift-Dir - straight line, f/p - Robin
Aim: Robin, wielding a +0 spear, wearing a +0 animal skin, wearing a +0 helmet and carrying a wand of flame (heavily wounded, chance to affect: 84%) Robin writhes in agony.
The goblin barely misses you. The goblin attacks as it pursues you!
The goblin hits you with a +0 club.
* * * LOW HITPOINT WARNING * * *
Robin throws the goblin at you!
Casting: Necrotise (safe; 2% risk of failure)
Confirm with . or Enter, or press ? or * to list all spells.
Aiming: Necrotise (safe; 2% risk of failure)
Press: ? - help, Shift-Dir - straight line, f/p - Robin
Aim: Robin, wielding a +0 spear, wearing a +0 animal skin, wearing a +0 helmet and carrying a wand of flame (severely wounded, chance to affect: 84%)
The hobgoblin writhes in agony.
Your goblin skeleton closely misses the goblin.
The hobgoblin hits your goblin skeleton!
Your goblin skeleton is destroyed!
The goblin closely misses you. The goblin barely misses you.
The goblin barely misses you. The goblin hits you but does no damage.
Casting: Necrotise (safe; 2% risk of failure)
Confirm with . or Enter, or press ? or * to list all spells.
Aiming: Necrotise (safe; 2% risk of failure)
Press: ? - help, Shift-Dir - straight line, f/p - Robin
Aim: Robin, wielding a +0 spear, wearing a +0 animal skin, wearing a +0 helmet and carrying a wand of flame (severely wounded, chance to affect: 84%)
The goblin barely resists.
The goblin hits you but does no damage. The goblin hits you with a +0 club.
* * * LOW HITPOINT WARNING * * *
The hobgoblin attacks as it pursues you!
The hobgoblin closely misses you. Robin throws the goblin at you!
The goblin hits you with a +0 club.
You die...

.#.##...#....# #≈....Z######≈...
.#.##...########≈....≈######≈...
##.##>........##≈≈...g≈≈≈≈≈≈....
...####.......###≈≈...g........≈
#### ##.#.#..# ##≈≈..........≈≈
#....).#####≈≈........≈≈#
##...#.#...##≈≈.gg...≈≈#
#######.#.#.#..g.##≈≈≈..≈≈≈###
#...........#<@g..####)'####.##
#...........#g.g.g)g.)g........
#......#.#..'..........#.......
#...........#..........###.....
#...........#..........# ######
#..........##..........########
#..........##.###....####......
#...........#........# #......
###########.#####....# #......


You could see Robin, 2 hobgoblins and 3 goblins.

Vanquished Creatures
  4 adders
  2 ribbon worms (D:2)
  An orc (D:3)
  A bat (D:1)
  3 endoplasms
  2 giant cockroaches (D:3)
  4 hobgoblins (D:3)
  A kobold (D:2)
  A quokka (D:1)
  5 ball pythons
  4 frilled lizards
  9 goblins
  6 rats
43 creatures vanquished.

Vanquished Creatures (collateral kills)
  An endoplasm (D:3)
  A goblin (D:3)
  A kobold (D:3)
3 creatures vanquished.

Grand Total: 46 creatures vanquished

Notes
Turn   | Place    | Note
-------+----------+-------------------------------------------
     0 | D:1      | PaiMei the Demonspawn Necromancer began the quest for the
                  | Orb.
     0 | D:1      | Reached XP level 1. HP: 13/13 MP: 3/3
   206 | D:1      | Found Ytuannop's Assorted Antiques.
   584 | D:2      | Discovered your monstrous ancestry.
   584 | D:2      | Gained mutation: You have a pair of small horns on your
                  | head. [demonic ancestry]
   584 | D:2      | Reached XP level 2. HP: 19/19 MP: 3/5
   942 | D:2      | Gained mutation: A meltable shield of frost defends you.
                  | (SH +0) [demonic ancestry]
   942 | D:2      | Reached XP level 3. HP: 25/25 MP: 3/6
  1131 | D:2      | Found a broken altar of Ashenzari.
  1652 | D:3      | Learned a level 3 spell: Vampiric Draining
  1665 | D:3      | Reached skill level 1 in Fighting
  1779 | D:3      | Gained mutation: You have sharp fingernails. [demonic
                  | ancestry]
  1779 | D:3      | Reached XP level 4. HP: 32/32 MP: 1/7
  2054 | D:3      | Noticed Robin
  2075 | D:3      | Reached skill level 5 in Necromancy
  2091 | D:3      | Slain by a goblin

Illustrated notes

Levels and vault maps discovered:
D:1:      saegor_arrival_simple_c, layout_basic, serial_shops, shop,
          corexii_item_surrounded_by_moat
D:2:      layout_rooms, basic_altar
D:3:      layout_basic, kennysheep_big_empty_room, minmay_misc_feat_five,
          uniq_robin

Skill      XL: |  1  2  3  4 |
---------------+-------------+-----
Stealth        | 2 |  2.1
Dodging        | 2 |  2.5
Fighting       | 1 |  1.3
Necromancy     | 5 |  5.0
Spellcasting   | |  2.7

Action                     |  1- 3 |  4- 6 || total
---------------------------+-------+-------++-------
  Melee: Unarmed           |     2 |       ||     2
         Dagger            |    10 |       ||    10
         Headbutt          |     1 |       ||     1
   Cast: Necrotise         |    66 |    20 ||    86
 Armour: Robe              |    14 |    13 ||    27
  Dodge: Dodged            |    12 |     9 ||    21
  Block: Other             |     6 |     2 ||     8
